Unix NetHack Version 5.0.0-0 post-release - last build May 17 2026 04:57:42 (dc50c8380fa5e20985bfe3072449f57b8d9895ef,branch:main).

Game began 2026-05-18 07:54:16, ended 2026-05-18 08:07:04.

ArrBianca, lawful female dwarven Archeologist

                                                                       ------
                                                                       |....|
                                                                       ...q@|
                                                                       |....|
                                                                       ------

ArrBianca the Field Worker  St:14 Dx:9 Co:15 In:14 Wi:13 Ch:11  Lawful
Dlvl:6  $:18 HP:0(27) Pw:8(8) AC:9  Xp:3 T:1668 

Latest messages:
 Where do you want to travel to?
 (For instructions type a '?')
 You descend the stairs.
 Y - a potion of oil.
 You see here a statue of a goblin.
 What do you want to drop? [$a-ilntuwBN-PRT-WY or ?*] d
 You drop 2 uncursed food rations.
 You find a hidden door.
 d - 2 uncursed food rations.
 The door opens.
 You find a hidden passage.
 The door opens.
 Ouch!  You bump into a door.
 The door opens.
 You find a hidden door.
 You feel tough!
 You must have been leading a healthy life-style.
 The door opens.
 You already found a monster.  Use 'm' prefix to force another search.
 You lash the iguana.
 The iguana bites!
 You lash the iguana.
 The iguana bites!
 You kill the iguana!
 Z - a scroll of teleportation.
 What do you want to drop? [$a-ilntuwBN-PRT-WYZ or ?*] <space>
 Never mind.
 This door is locked.
 Unlock it with your key? [ynq] (q) y
 You succeed in unlocking the door.
 What do you want to drop? [$a-ilntuwBN-PRT-WYZ or ?*] d
 You drop 2 uncursed food rations.
 d - 2 uncursed food rations.
 Where do you want to travel to?
 (For instructions type a '?')
 You descend the stairs.
 You lash the rothe.
 The rothe hits!
 The rothe bites!
 The rothe bites again!
 You miss the rothe.
 The rothe hits!
 The rothe bites!
 The rothe bites again!
 You lash the rothe.
 The rothe hits!
 The rothe bites!
 The rothe bites again!
 You die...
 Do you want an account of creatures vanquished? [ynaq] (y) q

Inventory:
 Coins    ('$')
  $ - 18 gold pieces
 Weapons  (')')
  U - a +0 knife
  a - a burnt +2 bullwhip (weapon in left hand)
 Armor    ('[')
  c - an uncursed +0 fedora (being worn)
  b - a blessed +0 leather jacket (being worn)
 Comestibles  ('%')
  W - an uncursed cram ration
  d - 2 uncursed food rations
  u - 4 uncursed tripe rations
  T - an uncursed homemade tin of homunculus meat
  l - 4 uncursed lichen corpses
 Scrolls  ('?')
  N - an uncursed scroll of confuse monster
  B - 3 uncursed scrolls of identify
  Z - a cursed scroll of teleportation
 Potions  ('!')
  P - an uncursed potion of extra healing
  t - 4 uncursed potions of healing
  O - 2 cursed potions of healing
  Y - an uncursed potion of oil
 Tools    ('(')
  h - an empty uncursed sack
  V - an empty uncursed sack
  i - an uncursed oil lamp
  e - a +0 pick-axe
  w - an uncursed skeleton key
  f - a tinning kit (0:51)
  n - an uncursed towel
 Gems/Stones  ('*')
  R - an uncursed opal
  g - an uncursed touchstone

ArrBianca the Archeologist's attributes:

Background:
 You were a Field Worker, a level 3 female dwarven Archeologist.
 You were lawful, on a mission for Quetzalcoatl
 who was opposed by Camaxtli (neutral) and Huhetotl (chaotic).
 You were left-handed.
 You were in the Dungeons of Doom, on level 6.
 You entered the dungeon 1668 turns ago.
 There was a new moon in effect when your adventure ended.
 You had 79 experience points, 1 more was needed to attain level 4.

Basics:
 You had 0 out of 27 hit points.
 You had all 8 energy points (spell power).
 Your armor class was 9.
 Your wallet contained 18 zorkmids.
 Autopickup was on for '$?!/="+%' plus thrown, with exceptions.

Final Characteristics:
 Your strength was 14 (limit:18/100).
 Your dexterity was 9 (limit:20).
 Your constitution was 15 (limit:20).
 Your intelligence was 14 (limit:16).
 Your wisdom was 13 (limit:16).
 Your charisma was 11 (limit:16).

Final Status:
 You weren't hungry.
 You were unencumbered.
 You were wielding a whip.
 You had basic skill with whip.

Final Attributes:
 You were devoutly aligned.
 You had automatic searching.
 You had infravision.
 You were lucky.
 You are dead.

Miscellaneous:
 You didn't encounter any bones levels.
 Total elapsed playing time was 12 minutes and 48 seconds.

Major events:
 Turn
    1: ArrBianca the lawful female dwarven Archeologist entered the dungeon
 1012: attained the rank of Field Worker (level 3)
 1668: killed by a rothe

You didn't know any spells.

Skills:
 Fighting Skills
   bare handed combat [Unskilled]
   two weapon combat  [Unskilled]
   riding             [Unskilled]
 Weapon Skills
   dagger             [Unskilled]
   knife              [Unskilled]
   pick-axe           [Basic]
   short sword        [Unskilled]
   saber              [Unskilled]
   club               [Unskilled]
   quarterstaff       [Unskilled]
   sling              [Unskilled]
   dart               [Unskilled]
   boomerang          [Unskilled]
   whip               [Basic]
   unicorn horn       [Unskilled]
 Spellcasting Skills
   attack spells      [Unskilled]
   healing spells     [Unskilled]
   divination spells  [Unskilled]
   matter spells      [Unskilled]

Voluntary challenges:
 Character rerolling was not enabled.
 You never genocided any monsters.
 You never polymorphed an object.
 You never changed form.
 You used no wishes.
Achievements:
 You entered a shop.
 You attained the rank of Field Worker.

 The Dungeons of Doom: levels 1 to 6
    Level 1:
    Level 2:
       A fountain, a sink.
    Level 3:
       A scroll shop, a fountain.
    Level 4:
       Some shops, a fountain.
    Level 5:
       A fountain.
    Level 6: <- You were here.
       Final resting place for
          you, killed by a rothe.


Vanquished creatures:
  a shrieker
  a homunculus
  4 iguanas
  a giant rat
  a green mold
  2 red molds
  3 jackals
  a fox
  a goblin
  3 grid bugs
  5 lichens
  7 newts
30 creatures vanquished.

No species were genocided or became extinct.

Game over:
                       ----------
                      /          \
                     /    REST    \
                    /      IN      \
                   /     PEACE      \
                  /                  \
                  |    ArrBianca     |
                  |      18 Au       |
                  |   killed by a    |
                  |      rothe       |
                  |                  |
                  |                  |
                  |       2026       |
                 *|     *  *  *      | *
        _________)/\\_//(\/(/\)/\//\/|_)_______

Goodbye ArrBianca the Archeologist...

You died in The Dungeons of Doom on dungeon level 6 with 583 points,
and 18 pieces of gold, after 1668 moves.
You were level 3 with a maximum of 27 hit points when you died.

